 Dungeon Crawl Stone Soup version 0.27-a0-1206-g6342a01c75 (webtiles) character file.

Game seed: 6228097975581813044

753 Glokmah the Changer (level 7, -12/46 HPs)
             Began as a Merfolk Transmuter on June 5, 2021.
             Was a Follower of Hepliaklqana.
             Mangled by a two-headed ogre
             ... wielding a +0 giant spiked club
              (23 damage)
             ... on level 5 of the Dungeon.
             The game lasted 00:11:01 (6195 turns).

Glokmah the Changer (Merfolk Transmuter)            Turns: 6195, Time: 00:11:01

Health: -12/46     AC:  2    Str: 12    XL:     7   Next: 79%
Magic:  7/12       EV: 20    Int: 13    God:    Hepliaklqana [*.....]
Gold:   252        SH:  0    Dex: 19    Spells: 2/12 levels left

rFire    . . .     SeeInvis .     - Unarmed
rCold    . . .     Faith    .   (shield currently unavailable)
rNeg     . . .     Spirit   .   (armour currently unavailable)
rPois    x         Reflect  .   (helmet currently unavailable)
rElec    .         Harm     .   (cloak currently unavailable)
rCorr    .         Rampage  .   (gloves currently unavailable)
Will     .....                  (boots currently unavailable)
Stlth    ++........             (no amulet)
HPRegen  0.15/turn              (no ring)
MPRegen  0.13/turn              (no ring)

@: spider-form, wereblooded
A: venomous fangs, reduced essence, tiny, (nimble swimmer 2), (mertail)
a: End Transformation, Renounce Religion, Recall Ancestor, Ancestor Identity


You were on level 5 of the Dungeon.
You worshipped Hepliaklqana.
Hepliaklqana was aware of your devotion.
You were a venomous arachnid creature.
You visited 1 branch of the dungeon, and saw 5 of its levels.

You collected 252 gold pieces.

Inventory:

Missiles
 f - 27 poisoned darts
Armour
 c - a +0 helmet (melded)
 g - a +0 pair of boots (melded)
 r - a +2 robe of resistance (melded)
Jewellery
 j - a +4 ring of slaying
 t - a ring of ice
Wands
 a - a wand of mindburst (16)
 u - a wand of acid (11)
Scrolls
 b - 2 scrolls of vulnerability
 d - 6 scrolls of torment
 i - a scroll of identify
 m - a scroll of magic mapping {unknown}
 p - a scroll of enchant armour {unknown}
 q - a scroll of brand weapon {unknown}
 s - a scroll of teleportation
Potions
 e - a potion of magic
 h - a potion of brilliance
 k - 2 potions of lignification
 l - a potion of invisibility
 n - a potion of haste {unknown}


   Skills:
 + Level 3.5 Fighting
 - Level 2.6 Dodging
 * Level 5.9 Unarmed Combat
 + Level 3.4 Spellcasting
 * Level 6.5 Transmutations
 + Level 2.7 Poison Magic


You had 2 spell levels left.
You knew the following spells:

 Your Spells              Type           Power      Damage    Failure   Level
a - Beastly Appendage     Tmut           38%        N/A       7%          1
b - Wereblood             Tmut           19%        N/A       9%          2
c - Spider Form           Tmut/Pois      7%         N/A       24%         3
d - Ice Form              Ice/Tmut       10%        N/A       71%         4

Your spell library contained the following spells:

 Spells                   Type           Power      Damage    Failure   Level
 Animate Skeleton         Necr           4%         N/A       43%         1
 Magic Dart               Conj           8%         1d3       43%         1
 Pain                     Necr           8%         1d4       43%         1
 Searing Ray              Conj           4%         3d3       54%         2
 Hydra Form               Tmut           9%         N/A       61%         5
 Dazzling Flash           Conj/Hex       4%         N/A       75%         3
 Vampiric Draining        Necr           1%         2d6       75%         3
 Animate Dead             Necr           1%         N/A       98%         4
 Fulminant Prism          Conj/Hex       1%         3d6       98%         4
 Iskenderun's Mystic Bla  Conj/Tloc      2%         2d3       98%         4
 Agony                    Necr           2%         N/A       100%        5


Dungeon Overview and Level Annotations

Branches:
Dungeon (5/15)
 Temple: D:4-7

Altars:
Ashenzari
Hepliaklqana
Kikubaaqudgha
Okawaru
Trog
Vehumet
Wu Jian
Zin


Innate Abilities, Weirdness & Mutations

You are a venomous arachnid creature.
You have poisonous fangs.
You are tiny and dextrous.
Your spellcasting is less reliable in this form.
Your armour is entirely melded.
You are incapable of wielding weapons or throwing items.
Your life essence is reduced to manifest your ancestor. (-10% HP)
((You are quick and stealthy near water. (Stealth+, EV+, Speed+++)))
((Your lower body shifts to a powerful aquatic tail in water.))


Message History

The two-headed ogre completely misses you. x2
Casting: Wereblood (safe; 9% risk of failure)
Confirm with . or Enter, or press ? or * to list all spells.
Your blood is infused with primal strength.
The centaur unwields a +0 shortbow.
The centaur hits you.
The centaur kicks you but does no damage.
Decima hits the centaur but does no damage.
The two-headed ogre completely misses you.
The two-headed ogre closely misses you.
The centaur wields a +0 shortbow.
The centaur shoots an arrow.
The arrow barely misses Decima.
The arrow barely misses you.
The hound zombie bites Decima.
Decima hits the hound zombie.
The centaur shoots an arrow.
The arrow hits Decima!
The hound zombie bites Decima but does no damage.
The centaur unwields a +0 shortbow.
The centaur barely misses Decima.
The centaur kicks Decima but does no damage.
Decima barely misses the centaur.
You barely miss the two-headed ogre.
The hound zombie bites Decima.
The centaur closely misses Decima.
The centaur kicks Decima.
Decima hits the centaur!
You hit the two-headed ogre.
The two-headed ogre is poisoned.
The two-headed ogre is lightly wounded.
The centaur hits Decima.
The centaur kicks Decima.
The hound zombie bites Decima.
Decima is destroyed!
The two-headed ogre barely misses you.
The two-headed ogre hits you with a +0 giant club!!
The centaur wields a +0 shortbow.
The centaur shoots an arrow.
The arrow barely misses you.
Your magical contamination has completely faded away.
You bite the two-headed ogre!
The two-headed ogre looks as sick as possible!
The two-headed ogre is moderately wounded.
The two-headed ogre closely misses you.
The two-headed ogre hits you with a +0 giant club!
* * * LOW HITPOINT WARNING * * *
You feel better.
The two-headed ogre hits you with a +0 giant spiked club!!
Ouch! That really hurt!
You die...

..........######..#####.##[##.#
#
..........#.........###.##.##.#
#
..........c...###.#.#....#.##.#
# .........##.#.#
#>#.#.#..#.##.# #
........$...#.# #.#.#.#..#.##.#
# ..........###.#
#.#.#.#..#.##.# #
#############.# #.#.#.#..#.##.#
# ........###+#.#.##.#.##.# #
...#####cOs...#.####.##.# #
#......#......##.# #
#......#########.# #
#................###
######.#............
.#.########### #


You could see a two-headed ogre (very poisoned) and a centaur.

Vanquished Creatures
  Duvessa (D:4)
  An ogre (D:4)
  3 scorpions
  Dowan (D:4)
  A water moccasin zombie (D:5)
  A hound (D:4)
  A jelly (D:5)
  Crazy Yiuf (D:2)
  Terence (D:2)
  Robin (D:2)
  3 adders
  A shadow imp (D:3)
  A worm (D:2)
  4 dart slugs
  An orc (D:4)
  8 ball pythons
  7 endoplasms
  3 giant cockroaches
  8 hobgoblins
  16 jackals
  2 quokkas (D:1)
  5 bats
  2 frilled lizards
  15 goblins
  5 kobolds
  4 rats
97 creatures vanquished.

Vanquished Creatures (others)
  An ancestor (D:5)
1 creature vanquished.

Grand Total: 98 creatures vanquished

Notes
Turn   | Place    | Note
-------+----------+-------------------------------------------
     0 | D:1      | Glokmah the Merfolk Transmuter began the quest for the Orb.
     0 | D:1      | Reached XP level 1. HP: 15/15 MP: 3/3
   174 | D:1      | Reached skill level 3 in Transmutations
   196 | D:1      | Reached XP level 2. HP: 16/21 MP: 3/5
   289 | D:1      | Learned a level 2 spell: Wereblood
   729 | D:1      | Reached XP level 3. HP: 18/26 MP: 2/6
  2294 | D:2      | Found a faded altar of an unknown god.
  2349 | D:2      | Learned a level 3 spell: Spider Form
  2399 | D:2      | Noticed Robin
  2423 | D:2      | Reached XP level 4. HP: 27/33 MP: 0/7
  2451 | D:2      | HP: 1/33 [hobgoblin (6)]
  2735 | D:2      | Killed Robin
  2736 | D:2      | Reached skill level 4 in Transmutations
  2822 | D:2      | Found a runed translucent door.
  2823 | D:2      | Noticed Crazy Yiuf
  3167 | D:2      | Noticed Terence
  3178 | D:2      | Killed Terence
  3179 | D:2      | Reached skill level 1 in Poison Magic
  3179 | D:2      | Reached XP level 5. HP: 38/38 MP: 4/8
  3634 | D:2      | Killed Crazy Yiuf
  4124 | D:3      | Found a glowing silver altar of Zin.
  4124 | D:3      | Found a broken altar of Ashenzari.
  4129 | D:3      | Found an iron altar of Okawaru.
  4131 | D:3      | Found a hazy altar of Hepliaklqana.
  4132 | D:3      | Found a radiant altar of Vehumet.
  4155 | D:3      | Became a worshipper of Hepliaklqana the Forgotten
  4462 | D:3      | Found a bloodstained altar of Trog.
  4577 | D:3      | Found an ornate altar of the Wu Jian Council.
  4671 | D:3      | Found an ancient bone altar of Kikubaaqudgha.
  4825 | D:4      | Reached skill level 5 in Transmutations
  4825 | D:4      | Reached XP level 6. HP: 21/46 MP: 5/10
  5078 | D:4      | Noticed Duvessa
  5236 | D:4      | Reached skill level 5 in Unarmed Combat
  5259 | D:4      | Learned a level 4 spell: Ice Form
  5322 | D:4      | Noticed Dowan
  5341 | D:4      | Killed Duvessa
  5342 | D:4      | Reached XP level 7. HP: 28/52 MP: 1/11
  5346 | D:4      | Killed Dowan
  5617 | D:4      | Reached skill level 6 in Transmutations
  5889 | D:5      | Entered Level 5 of the Dungeon
  5898 | D:5      | Reached * piety under Hepliaklqana
  6170 | D:5      | Noticed a two-headed ogre
  6188 | D:5      | HP: 2/46 [two-headed ogre/+0 giant spiked club (13)]
  6195 | D:5      | Mangled by a two-headed ogre

Illustrated notes

Levels and vault maps discovered:
D:1:      pf_arrival_petrified_forest, layout_basic, minmay_misc_feat_chi
D:2:      layout_basic, hellmonk_ecumenical_altar_lost_god,
          amcnicky_mini_rare_corridor_liquid, minmay_misc_feat_tower,
          kennysheep_boxes, uniq_terence, uniq_crazy_yiuf_cottage, uniq_robin
D:3:      layout_rooms, old_standard_altar, lemuel_tele_altar,
          chequers_temple_overflow_minitemple, lemuel_doored_altar
D:4:      layout_loops_ring, minmay_bisected, uniq_duvessa
D:5:      layout_basic, corexii_checkpoint_a

Skill      XL: |  1  2  3  4  5  6  7 |
---------------+----------------------+-----
Transmutations | 3 4 5 6 |  6.5
Unarmed Combat | 4 5 |  5.9
Fighting       | 2 3 |  3.5
Poison Magic   | 1 2 |  2.7
Spellcasting   | 3 |  3.4
Dodging        | |  2.6

Action                   |  1- 3 |  4- 6 |  7- 9 || total
-------------------------+-------+-------+-------++-------
Melee: Unarmed           |   110 |   149 |    48 ||   307
       Headbutt          |    13 |     4 |     1 ||    18
       Punch             |     1 |       |     1 ||     2
 Cast: Beastly Appendage |    30 |    14 |     2 ||    46
       Wereblood         |     9 |    10 |     2 ||    21
       Spider Form       |     1 |     8 |     5 ||    14
  Use: Scroll            |     3 |     6 |     2 ||    11
       Potion            |       |     1 |     1 ||     2
 Stab: Sleeping          |     1 |       |     1 ||     2
Armor: Robe              |    10 |       |     1 ||    11
       Leather armour    |     3 |    33 |       ||    36
       Skin              |       |     2 |     2 ||     4
Dodge: Dodged            |    69 |   124 |    45 ||   238

Table legend: (Time is in decaauts)
 A = Elapsed time spent in this place.
 B = Non-inter-level travel time spent in this place.
 C = Inter-level travel time spent in this place.
 D = Time resting spent in this place.
 E = Time spent auto-exploring this place.
 F = Levels seen in this place.
 G = Mean time per level.
                   A        B        C        D        E       F      G
               +--------+--------+--------+--------+--------+-----+--------+
         Total |   6176 |   5801 |    375 |    741 |   3964 |   5 | 1235.2 |
       Dungeon |   6176 |   5801 |    375 |    741 |   3964 |   5 | 1235.2 |
               +--------+--------+--------+--------+--------+-----+--------+

Top non-repeatable levels by time:
     D:1: 2175 daAuts
     D:2: 1618 daAuts
     D:4: 1136 daAuts
     D:3: 950 daAuts
     D:5: 296 daAuts
